TOP OF THE 1ST |
Texas Tech Red Raiders batting - Pitching for Ohio State Buckeyes : LHP Wilton Mahony
|
Pitching: LHP Wilton Mahony
|
|
Batting: RHB Cameron Irwin
|
0-0: Ball 1-0: Swinging Strike 1-1: Ground out 6-3 (Groundball, 6)
|
Batting: LHB Terry Neal
|
0-0: Ball 1-0: Ball 2-0: Called Strike 2-1: Swinging Strike 2-2: Foul Ball, location: 2F 2-2: Strikes out looking
|
Batting: RHB Gilberto Bautista
|
0-0: SOLO HOME RUN (Flyball, 7D), Distance : 362 ft
|
Batting: LHB Arthur Guzmán
|
0-0: Ball 1-0: Fly out, F7 (Flyball, 7D)
|
Top of the 1st over - 1 run(s), 1 hit(s), 0 error(s), 0 left on base; Texas Tech 1 - Ohio State 0 |
BOTTOM OF THE 1ST |
Ohio State Buckeyes batting - Pitching for Texas Tech Red Raiders : RHP Royce Muńóz
|
Pitching: RHP Royce Muńóz
|
|
Batting: RHB Edgardo Gonzáles
|
0-0: Fly out, F7 (Flyball, 78M)
|
Batting: RHB Josh Joyner
|
0-0: Ball 1-0: Swinging Strike 1-1: Ground out 6-3 (Groundball, 6S)
|
Batting: LHB Roberto Herrera
|
0-0: Foul Ball, location: 2F 0-1: Called Strike 0-2: Foul Ball, location: 2F 0-2: Ball 1-2: Ball 2-2: Strikes out looking
|
Bottom of the 1st over - 0 run(s), 0 hit(s), 0 error(s), 0 left on base; Texas Tech 1 - Ohio State 0 |
TOP OF THE 2ND |
Texas Tech Red Raiders batting - Pitching for Ohio State Buckeyes : LHP Wilton Mahony
|
Batting: RHB David Walker
|
0-0: Ground out 6-3 (Groundball, 6)
|
Batting: RHB Josh Bergman
|
0-0: Fly out, F9 (Flyball, 9LS)
|
Batting: RHB Lorenzo Hernández
|
0-0: DOUBLE (Line Drive, 9LM)
|
Batting: RHB Nick McIntyre
|
0-0: Called Strike 0-1: Ground out 4-3 (Groundball, 4)
|
Top of the 2nd over - 0 run(s), 1 hit(s), 0 error(s), 1 left on base; Texas Tech 1 - Ohio State 0 |
BOTTOM OF THE 2ND |
Ohio State Buckeyes batting - Pitching for Texas Tech Red Raiders : RHP Royce Muńóz
|
Batting: RHB Richie Sawyer
|
0-0: Foul Ball, location: 2F 0-1: Called Strike 0-2: Foul Ball, location: 2F 0-2: Ball 1-2: Ground out 5-3 (Groundball, 56)
|
Batting: SHB Bill House
|
0-0: Foul Ball, location: 2F 0-1: Fly out, F7 (Flyball, 7LMF)
|
Batting: SHB Theodore Draper
|
0-0: Called Strike 0-1: Ball 1-1: Called Strike 1-2: Fly out, F4 (Line Drive, 4)
|
Bottom of the 2nd over - 0 run(s), 0 hit(s), 0 error(s), 0 left on base; Texas Tech 1 - Ohio State 0 |
TOP OF THE 3RD |
Texas Tech Red Raiders batting - Pitching for Ohio State Buckeyes : LHP Wilton Mahony
|
Batting: RHB Sam Lynch
|
0-0: Ball 1-0: Foul Ball, location: 2F 1-1: Swinging Strike 1-2: Ground out 4-3 (Groundball, 34)
|
Batting: RHB Cameron Irwin
|
0-0: Called Strike 0-1: SINGLE (Line Drive, 5D)
|
Batting: LHB Terry Neal
|
0-0: Fielders Choice at 2nd, 4-6 (Groundball, 4)
|
Batting: RHB Gilberto Bautista
|
0-0: Ball 1-0: Called Strike 1-1: Called Strike 1-2: Ball 2-2: Strikes out swinging
|
Top of the 3rd over - 0 run(s), 1 hit(s), 0 error(s), 1 left on base; Texas Tech 1 - Ohio State 0 |
TOP OF THE 4TH |
Texas Tech Red Raiders batting - Pitching for Ohio State Buckeyes : LHP Wilton Mahony
|
Batting: LHB Arthur Guzmán
|
0-0: Ball 1-0: Foul Ball, location: 2F 1-1: Ball 2-1: Ball 3-1: Ground out 6-3 (Groundball, 6)
|
Batting: RHB David Walker
|
0-0: Single, Error in OF, E9, batter to second base
|
Batting: RHB Josh Bergman
|
0-0: Ball 1-0: Ground out 6-3 (Groundball, 6)
|
Batting: RHB Lorenzo Hernández
|
0-0: Called Strike 0-1: Swinging Strike 0-2: Foul Ball, location: 2F 0-2: Strikes out swinging
|
Top of the 4th over - 0 run(s), 1 hit(s), 1 error(s), 1 left on base; Texas Tech 1 - Ohio State 1 |
BOTTOM OF THE 4TH |
Ohio State Buckeyes batting - Pitching for Texas Tech Red Raiders : RHP Royce Muńóz
|
Batting: RHB Richie Sawyer
|
0-0: Foul Ball, location: 2F 0-1: SINGLE (Line Drive, 4M)
|
Batting: SHB Bill House
|
0-0: Ball 1-0: Ball 2-0: Ball 3-0: Called Strike 3-1: Base on Balls Richie Sawyer to second
|
Batting: SHB Theodore Draper
|
0-0: Ball 1-0: Called Strike 1-1: Ball 2-1: Ball 3-1: Base on Balls Richie Sawyer to third Bill House to second
|
Batting: LHB Abraham Horton
|
0-0: Ball 1-0: Swinging Strike 1-1: Called Strike 1-2: Foul Ball, location: 2F 1-2: Fly out, F7 (Flyball, 7) Runner from 3rd tags up, SCORES, throw made
|
Batting: RHB George Pierce
|
0-0: Ball 1-0: Grounds into double play, 5-4-3 (Groundball, 56)
|
Bottom of the 4th over - 1 run(s), 1 hit(s), 0 error(s), 1 left on base; Texas Tech 1 - Ohio State 2 |
TOP OF THE 5TH |
Texas Tech Red Raiders batting - Pitching for Ohio State Buckeyes : LHP Wilton Mahony
|
Batting: RHB Nick McIntyre
|
0-0: Called Strike 0-1: SINGLE (Line Drive, 6MD)
|
Batting: RHB Sam Lynch
|
0-0: Ball 1-0: Swinging Strike 1-1: Ball Wild Pitch! Nick McIntyre to second 2-1: Ball 3-1: Base on Balls
|
Batting: RHB Cameron Irwin
|
0-0: Foul Ball, location: 2F 0-1: Fielders Choice at 2nd, 6-4 (Groundball, 6) Nick McIntyre to third
|
Batting: LHB Terry Neal
|
0-0: Single, Error in OF, E9, batter to second base Nick McIntyre scores Cameron Irwin to third
|
Batting: RHB Gilberto Bautista
|
0-0: Foul Ball, location: 2F 0-1: Called Strike 0-2: Strikes out swinging
|
Batting: LHB Arthur Guzmán
|
0-0: Ball 1-0: Ball 2-0: Swinging Strike 2-1: Foul Ball, location: 2F 2-2: Ball 3-2: Base on Balls
|
Batting: RHB David Walker
|
0-0: Ball 1-0: Called Strike 1-1: Foul Ball, location: 2F 1-2: Foul Ball, location: 2F 1-2: Ball 2-2: Ball 3-2: Strikes out swinging
|
Top of the 5th over - 1 run(s), 2 hit(s), 1 error(s), 3 left on base; Texas Tech 2 - Ohio State 2 |
BOTTOM OF THE 5TH |
Ohio State Buckeyes batting - Pitching for Texas Tech Red Raiders : RHP Royce Muńóz
|
Batting: RHB Frank Hester
|
0-0: Ball 1-0: Ball 2-0: Swinging Strike 2-1: Called Strike 2-2: Ball 3-2: Foul Ball, location: 2F 3-2: SINGLE (Line Drive, 56)
|
Batting: RHB Edgardo Gonzáles
|
0-0: Called Strike 0-1: 2-RUN HOME RUN (Flyball, 78XD), Distance : 378 ft
|
Batting: RHB Josh Joyner
|
0-0: Ball 1-0: Foul Ball, location: 2F 1-1: Ball 2-1: Ball 3-1: Called Strike 3-2: Reached on error, E5 (Groundball, 56)
|
Pitching: RHP Ken Slaugh
|
|
Batting: LHB Roberto Herrera
|
0-0: Swinging Strike 0-1: Foul Ball, location: 2F 0-2: Fly out, F8 (Flyball, 8LM)
|
Batting: RHB Richie Sawyer
|
0-0: Called Strike 0-1: Foul Ball, location: 2F 0-2: Ball 1-2: Fly out, F8 (Flyball, 8RM)
|
Batting: SHB Bill House
|
0-0: Called Strike 0-1: Ball 1-1: Ball 2-1: Foul Ball, location: 2F 2-2: Strikes out looking
|
Bottom of the 5th over - 2 run(s), 2 hit(s), 1 error(s), 1 left on base; Texas Tech 2 - Ohio State 4 |
TOP OF THE 6TH |
Texas Tech Red Raiders batting - Pitching for Ohio State Buckeyes : LHP Wilton Mahony
|
Batting: RHB Josh Bergman
|
0-0: Ball 1-0: Called Strike 1-1: Ball 2-1: Called Strike 2-2: Strikes out looking
|
Batting: RHB Lorenzo Hernández
|
0-0: Fly out, F9 (Flyball, 9)
|
Batting: RHB Nick McIntyre
|
0-0: Ball 1-0: Foul Ball, location: 2F 1-1: Foul Ball, location: 2F 1-2: Ball 2-2: Ground out 4-3 (Groundball, 4)
|
Top of the 6th over - 0 run(s), 0 hit(s), 0 error(s), 0 left on base; Texas Tech 2 - Ohio State 4 |
BOTTOM OF THE 6TH |
Ohio State Buckeyes batting - Pitching for Texas Tech Red Raiders : RHP Ken Slaugh
|
Batting: SHB Theodore Draper
|
0-0: Swinging Strike 0-1: Foul Ball, location: 2F 0-2: Ball 1-2: Ball 2-2: Ball 3-2: Foul Ball, location: 2F 3-2: Base on Balls
|
Batting: LHB Abraham Horton
|
0-0: Foul Ball, location: 2F 0-1: Ball 1-1: Swinging Strike 1-2: Grounds into double play, 6-4-3 (Groundball, 6)
|
Batting: RHB George Pierce
|
0-0: Ball 1-0: DOUBLE (Line Drive, 7LM)
|
Batting: RHB Frank Hester
|
0-0: Ball 1-0: Fly out, F5 (Line Drive, 5)
|
Bottom of the 6th over - 0 run(s), 1 hit(s), 0 error(s), 1 left on base; Texas Tech 2 - Ohio State 4 |
TOP OF THE 7TH |
Texas Tech Red Raiders batting - Pitching for Ohio State Buckeyes : LHP Wilton Mahony
|
Batting: RHB Sam Lynch
|
0-0: Ball 1-0: Called Strike 1-1: Foul Ball, location: 2F 1-2: Fly out, F4 (Line Drive, 4)
|
Pitching: RHP Greg MacGilroy
|
|
Batting: RHB Cameron Irwin
|
0-0: Ball 1-0: Ball 2-0: Called Strike 2-1: Ball 3-1: Foul Ball, location: 2F 3-2: Base on Balls
|
Batting: LHB Terry Neal
|
0-0: Ball 1-0: Called Strike 1-1: Ball 2-1: Ball 3-1: Foul Ball, location: 2F 3-2: Strikes out swinging
|
Batting: RHB Gilberto Bautista
|
0-0: Ball 1-0: Called Strike 1-1: Called Strike 1-2: Ball 2-2: Ball 3-2: Strikes out looking
|
Top of the 7th over - 0 run(s), 0 hit(s), 0 error(s), 1 left on base; Texas Tech 2 - Ohio State 4 |
BOTTOM OF THE 7TH |
Ohio State Buckeyes batting - Pitching for Texas Tech Red Raiders : RHP Ken Slaugh
|
Batting: RHB Edgardo Gonzáles
|
0-0: Called Strike 0-1: Foul Ball, location: 2F 0-2: Strikes out looking
|
Batting: RHB Josh Joyner
|
0-0: Foul Ball, location: 2F 0-1: Fly out, F8 (Flyball, 8LS)
|
Batting: LHB Roberto Herrera
|
0-0: Called Strike 0-1: Ball 1-1: Swinging Strike 1-2: Foul Ball, location: 2F 1-2: SINGLE (Groundball, 56D)
|
Batting: RHB Richie Sawyer
|
0-0: Ball 1-0: Called Strike 1-1: Ball 2-1: Foul Ball, location: 2F 2-2: Strikes out swinging
|
Bottom of the 7th over - 0 run(s), 1 hit(s), 0 error(s), 1 left on base; Texas Tech 2 - Ohio State 4 |
TOP OF THE 8TH |
Texas Tech Red Raiders batting - Pitching for Ohio State Buckeyes : RHP Greg MacGilroy
|
Batting: LHB Arthur Guzmán
|
0-0: Called Strike 0-1: Ball 1-1: Ball 2-1: Swinging Strike 2-2: Foul Ball, location: 2F 2-2: Strikes out looking
|
Batting: RHB David Walker
|
0-0: Called Strike 0-1: Ball 1-1: Foul Ball, location: 2F 1-2: Strikes out looking
|
Batting: RHB Josh Bergman
|
0-0: Ball 1-0: Ball 2-0: DOUBLE (Line Drive, 89D)
|
Pitching: RHP Don Feightner
|
|
Batting: RHB Lorenzo Hernández
|
0-0: Called Strike 0-1: Ball 1-1: Foul Ball, location: 2F 1-2: Strikes out swinging
|
Top of the 8th over - 0 run(s), 1 hit(s), 0 error(s), 1 left on base; Texas Tech 2 - Ohio State 4 |
BOTTOM OF THE 8TH |
Ohio State Buckeyes batting - Pitching for Texas Tech Red Raiders : RHP Ken Slaugh
|
Batting: SHB Bill House
|
0-0: Called Strike 0-1: Ball 1-1: Ball 2-1: Ball 3-1: Base on Balls
|
Batting: SHB Theodore Draper
|
0-0: Called Strike 0-1: Foul Ball, location: 2F 0-2: Foul Ball, location: 2F 0-2: Foul Ball, location: 2F 0-2: Strikes out swinging
|
Batting: LHB Abraham Horton
|
0-0: Ball 1-0: Swinging Strike 1-1: Ball 2-1: Ball 3-1: Fly out, F8 (Flyball, 78S)
|
Pitching: RHP César Martínez
|
|
Batting: RHB George Pierce
|
0-0: Ball Bill House steals 2nd base 1-0: Ground out 6-3 (Groundball, 6)
|
Bottom of the 8th over - 0 run(s), 0 hit(s), 0 error(s), 1 left on base; Texas Tech 2 - Ohio State 4 |
TOP OF THE 9TH |
Texas Tech Red Raiders batting - Pitching for Ohio State Buckeyes : RHP Don Feightner
|
Pitching: LHP Dirk McGee
|
|
Batting: RHB Nick McIntyre
|
0-0: Swinging Strike 0-1: Ball 1-1: Ball 2-1: Fly out, F7 (Flyball, 7)
|
Batting: RHB Sam Lynch
|
0-0: Foul Ball, location: 2F 0-1: Foul Ball, location: 2F 0-2: Ball 1-2: SINGLE (Groundball, 56D)
|
Batting: RHB Cameron Irwin
|
0-0: Foul Ball, location: 2F 0-1: Ball 1-1: Foul Ball, location: 2F 1-2: Ball 2-2: Fielders Choice at 2nd, 4-6 (Groundball, 4M)
|
Pinch Hitting: RHB Rodrigo Castillo
|
0-0: Ball 1-0: Ball 2-0: Fly out, F4 (Popup, 4)
|
Top of the 9th over - 0 run(s), 1 hit(s), 0 error(s), 1 left on base; Texas Tech 2 - Ohio State 4 |
|